 Dungeon Crawl Stone Soup version 0.20.1-1-g8b1a95d (webtiles) character file.

1446 pstr the Digger (level 9, -4/46 HPs)
             Began as a Kobold Earth Elementalist on Dec 3, 2017.
             Was a Priest of Cheibriados.
             Killed by divine providence
             ... invoked by an orc priest
              (12 damage)
             ... on level 6 of the Dungeon.
             The game lasted 00:22:31 (9472 turns).

pstr the Digger (Kobold Earth Elementalist)         Turns: 9472, Time: 00:22:31

Health: -4/46      AC:  7    Str: 12    XL:     9   Next: 4%
Magic:  7/18       EV: 17    Int: 26    God:    Cheibriados [***...]
Gold:   54         SH:  0    Dex: 25    Spells: 14/20 levels left

rFire    . . .     SeeInvis .   r - +1 dagger (freeze)
rCold    . . .     Gourm    +   (shield restricted)
rNeg     . . .     Faith    .   x - -1 leather armour (curse)
rPois    .         Spirit   .   j - +1 helmet
rElec    .         Reflect  .   w - +2 cloak
rCorr    .         Harm     .   (no gloves)
MR       .....     Clarity  +   (no boots)
Stlth    ++++......             s - amulet of the gourmand
Regen    0.2/turn               o - ring of wizardry
MPRegen  0.2/turn               (no ring)

@: very slow
A: thin skeletal structure 1, carnivore 3, clarity
a: Bend Time, Temporal Distortion, Renounce Religion


You were on level 6 of the Dungeon.
You worshipped Cheibriados.
Cheibriados was most pleased with you.
You were completely stuffed.

You visited 1 branch of the dungeon, and saw 6 of its levels.

You collected 169 gold pieces.
You spent 115 gold pieces at shops.

Inventory:

Hand Weapons
 b - a +0 club
 r - a +1 dagger of freezing (weapon)
Armour
 c - a +0 robe
 j - a +1 helmet (worn)
 m - a +0 leather armour
 w - a +2 cloak (worn)
 x - a cursed -1 leather armour (worn)
Jewellery
 o - a ring of wizardry (left hand)
 s - an amulet of the gourmand (around neck)
Wands
 u - a wand of confusion (20/48)
Scrolls
 a - 2 scrolls of identify
 f - 2 scrolls of teleportation
 g - a scroll of noise
 h - a scroll of magic mapping {unknown}
 k - a scroll of fog {unknown}
 l - a scroll of random uselessness
 p - a scroll of blinking {unknown}
 t - 3 scrolls of remove curse
 v - 3 scrolls of enchant weapon
Potions
 q - a potion of flight {unknown}
 z - a potion of resistance {unknown}
Books
 e - a book of Geomancy

   Spells                             Type                      Level
   a - Sandblast                      Earth                        1
   b - Passwall                       Transmutation/Earth          2
   c - Stone Arrow                    Conjuration/Earth            3
   d - Petrify                        Transmutation/Earth          4
   e - Lee's Rapid Deconstruction     Earth                        5
Comestibles
 d - 3 meat rations
 n - a royal jelly


   Skills:
 + Level 0.9 Fighting
 + Level 0.5 Maces & Flails
 + Level 1.6 Armour
 + Level 4.0 Dodging
 + Level 4.2 Stealth
 + Level 6.4 Spellcasting
 + Level 3.8 Conjurations
 + Level 1.0 Transmutations
 + Level 6.6 Earth Magic


You had 14 spell levels left.
You knew the following spells:

 Your Spells              Type           Power        Failure   Level  Hunger
a - Sandblast             Erth           #####.       1%          1    None
b - Passwall              Tmut/Erth      ####......   1%          2    None
c - Stone Arrow           Conj/Erth      #####.       1%          3    None


Dungeon Overview and Level Annotations

Branches:
Dungeon (6/15)             Temple (0/1) D:4

Altars:
Cheibriados
Gozag
Ru
Sif Muna
Trog

Shops:
D:4 ?


Innate Abilities, Weirdness & Mutations

You are small and have problems with some larger weapons.
You are carnivorous and can eat meat at any time.
You have a somewhat thin skeletal structure. (Dex +2, Stealth)
You possess an exceptional clarity of mind.


Message History

* * * LOW HITPOINT WARNING * * *
The orc barely misses you.
You see here 11 gold pieces.
There is a stone staircase leading down here.
The orc closely misses you.
You climb downwards.
An adder, 3 orcs, an orc warrior and an orc priest come into view.
The orc priest is wielding a hand axe of chopping.
There is a stone staircase leading up here.
The adder hisses angrily.
The orc shouts!
The orc priest shouts!
The orc warrior shouts!
The orc shouts!
The orc misses you. The adder bites you but does no damage.
The adder misses you. The adder barely misses you.
The orc priest looks satisfied for a moment.
The orc barely misses you.
You open the door.
An adder comes into view.
The orc priest calls down the wrath of Beogh upon you.
Beogh smites you!
You die...

.....o..### #
#.........##
.#.#.#.....#...
.......o.....#
.#.....o...#
.......o#o##
#######oS.#
##o## #@# #'#
... .....
.......
.........
+.....S...+
#.........#


You could see an orc warrior, an orc priest, 2 adders and 4 orcs.

Vanquished Creatures
  2 ice beasts
  5 ogres
  A centaur (D:5)
  2 scorpions
  A hound (D:4)
  3 orc priests (D:4)
  2 centaur skeletons (D:4)
  A gnoll shaman (D:4)
  An iguana (D:4)
  Terence (D:2)
  Natasha (D:4)
  2 orc wizards
  A worker ant (D:4)
  Robin (D:2)
  4 gnolls (D:4)
  11 adders
  An adder skeleton (D:3)
  A dart slug (D:3)
  A leopard gecko (D:1)
  21 orcs
  7 giant cockroaches
  12 goblins
  22 hobgoblins
  9 jackals
  3 quokkas
  14 bats
  8 frilled lizards
  7 kobolds
  7 rats
152 creatures vanquished.

Notes
Turn   | Place    | Note
-------+----------+-------------------------------------------
     0 | D:1      | pstr the Kobold Earth Elementalist began the quest for the Orb.
     0 | D:1      | Reached XP level 1. HP: 10/10 MP: 3/3
   134 | D:1      | Reached XP level 2. HP: 15/15 MP: 3/5
   185 | D:1      | Learned a level 2 spell: Passwall
   697 | D:1      | Reached XP level 3. HP: 19/19 MP: 4/6
   702 | D:1      | Learned a level 3 spell: Stone Arrow
  1939 | D:2      | Noticed Terence
  2318 | D:2      | Noticed Robin
  2411 | D:2      | Killed Robin
  2411 | D:2      | Reached XP level 4. HP: 14/24 MP: 0/8
  2537 | D:2      | Reached skill level 1 in Conjurations
  3059 | D:2      | Reached XP level 5. HP: 27/28 MP: 0/9
  3537 | D:2      | Found a snail-covered altar of Cheibriados.
  3594 | D:2      | Became a worshipper of Cheibriados the Contemplative
  3756 | D:2      | Found a sacrificial altar of Ru.
  4171 | D:2      | Gained mutation: You possess an exceptional clarity of mind. [potion of mutation]
  4171 | D:2      | Gained mutation: You have a somewhat thin skeletal structure. (Dex +2, Stealth) [potion of mutation]
  4212 | D:2      | Killed Terence
  4909 | D:3      | Reached * piety under Cheibriados
  5178 | D:3      | Reached XP level 6. HP: 33/33 MP: 0/11
  5528 | D:3      | Noticed an ice beast
  5534 | D:3      | Killed an ice beast
  5935 | D:3      | Found an opulent altar of Gozag.
  5952 | D:3      | Found a bloodstained altar of Trog.
  6240 | D:3      | Reached skill level 5 in Earth Magic
  6464 | D:3      | Reached ** piety under Cheibriados
  6503 | D:3      | Noticed an ogre
  6508 | D:3      | Killed an ogre
  6508 | D:3      | Reached XP level 7. HP: 37/37 MP: 2/13
  6672 | D:3      | Found a deep blue altar of Sif Muna.
  7301 | D:4      | Noticed Natasha
  7306 | D:4      | Killed Natasha
  7524 | D:4      | Reached skill level 5 in Spellcasting
  7546 | D:4      | Reached XP level 8. HP: 15/42 MP: 0/15
  8484 | D:4      | Found Roove's Magic Scroll Boutique.
  8489 | D:4      | Bought a scroll of enchant weapon for 82 gold pieces
  8489 | D:4      | Bought a scroll of teleportation for 33 gold pieces
  8651 | D:4      | Reached *** piety under Cheibriados
  8678 | D:4      | Reached skill level 1 in Armour
  8895 | D:4      | Found a staircase to the Ecumenical Temple.
  9132 | D:5      | Entered Level 5 of the Dungeon
  9428 | D:5      | Reached XP level 9. HP: 41/46 MP: 5/18
  9472 | D:6      | Killed from afar by an orc priest

Skill      XL: |  1  2  3  4  5  6  7  8 |
---------------+-------------------------+-----
Conjurations   | 1 2 3 |  3.8
Stealth        | 3 4 |  4.2
Spellcasting   | 3 4 5 6 |  6.4
Earth Magic    | 4 5 6 |  6.6
Dodging        | 3 4 |  4.0
Armour         | 1 |  1.6
Fighting       | |  0.9
Maces & Flails | |  0.5
Transmutations | |  1.0

Action                   |  1- 3 |  4- 6 |  7- 9 || total
-------------------------+-------+-------+-------++-------
Melee: Club              |    37 |    41 |    17 ||    95
       Dagger            |       |       |     3 ||     3
 Cast: Sandblast         |    31 |    43 |     4 ||    78
       Stone Arrow       |    19 |    73 |    86 ||   178
  Use: Potion            |       |     2 |     1 ||     3
       Scroll            |       |       |     3 ||     3
  Eat: Chunk             |    14 |    18 |     6 ||    38
Armor: Robe              |    10 |     7 |     6 ||    23
       Leather armour    |       |       |    13 ||    13
Dodge: Dodged            |    73 |    98 |    60 ||   231
